 Dungeon Crawl Stone Soup version 0.19.0-18-g426998a (webtiles) character file.

857 Melicamp the Destroyer (level 8, -7/41 HPs)
             Began as a Tengu Conjurer on Nov 11, 2016.
             Mangled by Pikel
             ... wielding a +2 whip of electrocution
              (8 damage)
             ... on level 4 of the Dungeon.
             The game lasted 00:56:11 (8041 turns).

Melicamp the Destroyer (Tengu Conjurer)             Turns: 8041, Time: 00:56:12

Health: -7/41      AC:  2    Str:  9    XL:     8   Next: 2%
Magic:  1/14       EV: 15    Int: 19    God:
Gold:   164        SH:  0    Dex: 15    Spells: 3 memorised, 5 levels left

rFire  . . .     SeeInvis .     e - +2 dagger (vamp)
rCold  . . .     Gourm    .     a - +0 robe
rNeg   . . .     Faith    .     (no shield)
rPois  .         Spirit   .     (helmet restricted)
rElec  .         Reflect  .     (no cloak)
rCorr  .         Harm     .     (no gloves)
MR     .....                    (boots unavailable)
Stlth  ++........               (no amulet)
                                (no ring)
                                g - +2 ring of intelligence

@: about to teleport
A: beak, talons 3, able to fly 1
a: Fly


You were on level 4 of the Dungeon.
You were not hungry.

You visited 1 branch of the dungeon, and saw 5 of its levels.

You collected 164 gold pieces.

Inventory:

Hand Weapons
 e - a +2 vampiric dagger (weapon)
Armour
 a - a +0 robe (worn)
Jewellery
 c - a cursed ring of teleportation {unknown}
 g - a +2 ring of intelligence (left hand)
 l - an uncursed amulet of harm {unknown}
 o - an uncursed ring of positive energy {unknown}
 s - an uncursed ring of wizardry {unknown}
 u - an uncursed ring of positive energy {unknown}
Scrolls
 m - a scroll of teleportation
 v - a scroll of amnesia
Potions
 f - a potion of heal wounds {unknown}
 h - 8 potions of lignification {unknown}
 i - a potion of ambrosia {unknown}
 j - a potion of invisibility {unknown}
 k - a potion of cure mutation {unknown}
 n - 2 potions of might {unknown}
 p - 2 potions of curing {unknown}
 q - a potion of experience {unknown}
 r - a potion of degeneration {unknown}
 t - a potion of flight {unknown}
 A - a potion of haste {unknown}
Books
 b - a book of Conjurations

   Spells                             Type                      Level
   a - Magic Dart                     Conjuration                  1
   b - Searing Ray                    Conjuration                  2
   c - Dazzling Spray                 Conjuration/Hexes            3
   d - Fulminant Prism                Conjuration/Hexes            4
   e - Iskenderun's Mystic Blast      Conjuration                  4
   f - Iskenderun's Battlesphere      Conjuration/Charms           5
Comestibles
 d - a fruit
 w - a bread ration
 x - a meat ration
 z - 3 chunks of flesh


   Skills:
 - Level 5.0 Short Blades
 - Level 5.1 Dodging
 - Level 2.0 Stealth
 * Level 3.4 Spellcasting
 + Level 8.4 Conjurations


You had 5 spell levels left.
You knew the following spells:

 Your Spells              Type           Power        Failure   Level  Hunger
a - Magic Dart            Conj           ####         1%          1    None
b - Iskenderun's Mystic   Conj           #####...     6%          4    ####...
c - Dazzling Spray        Conj/Hex       ###...       10%         3    ###....


Dungeon Overview and Level Annotations

Branches:
Dungeon (5/15)
 Temple: D:4-7

Altars:
Ashenzari
Elyvilon
Trog

Annotations:
D:4 Pikel


Innate Abilities, Weirdness & Mutations

You have a beak for a mouth.
You have claws for feet.
You can fly.


Message History

Pikel hits you with a whip of electrocution.
You are electrocuted!
You hit Pikel.
Pikel is heavily wounded.
Pikel closely misses you.
You climb upwards.
There is a stone staircase leading down here.
You hit Pikel but do no damage. You claw Pikel, but do no damage.
Pikel is heavily wounded.
Pikel hits you with a whip of electrocution.
* * * LOW HITPOINT WARNING * * *
You hit Pikel but do no damage. Your peck misses Pikel.
Pikel is heavily wounded.
Pikel hits you with a whip of electrocution!
* * * LOW HITPOINT WARNING * * *
As you read the scroll of teleportation, it crumbles to dust.
You feel strangely unstable.
Pikel says, "I just want to get paid!"
Pikel hits you with a whip of electrocution!
You die...

#........#
#........# #
####........# #
#...........# ##
#...........# .#
#...........# .#
#.......#####
.###.......#######
...............K@#
#.##..........####
#....)........#
.....##.......#
.....##.......#
.....##.......#####
..................#
...............##.#
..#....###.###.##.#


You could see Pikel.

Vanquished Creatures
  A black bear (D:3)
  2 slaves
  A phantom (D:3)
  An ogre (D:3)
  2 bullfrog skeletons
  2 hounds (D:4)
  An orc priest (D:3)
  3 orc wizards
  2 iguanas
  A worker ant (D:4)
  A hound zombie (D:5)
  A hound skeleton (D:4)
  7 gnolls
  6 adders
  An ooze (D:4)
  An adder skeleton (D:5)
  5 worms
  6 leopard geckos
  15 orcs
  3 giant cockroaches
  8 goblins
  6 hobgoblins
  9 jackals
  5 kobolds
  2 quokkas (D:2)
  A ball python (D:4)
  14 bats
  4 frilled lizards
  A quokka skeleton (D:5)
  8 rats
120 creatures vanquished.

Notes
Turn   | Place    | Note
-------+----------+-------------------------------------------
     0 | D:1      | Melicamp the Tengu Conjurer began the quest for the Orb.
     0 | D:1      | Reached XP level 1. HP: 10/10 MP: 4/4
   195 | D:1      | Reached XP level 2. HP: 15/15 MP: 0/6
   380 | D:1      | Reached skill level 6 in Conjurations
   867 | D:1      | Reached XP level 3. HP: 18/19 MP: 3/7
  1485 | D:2      | Reached skill level 7 in Conjurations
  1940 | D:2      | Reached XP level 4. HP: 24/24 MP: 2/8
  2322 | D:2      | Learned a level 4 spell: Iskenderun's Mystic Blast
  2506 | D:2      | Found a white marble altar of Elyvilon.
  2683 | D:2      | Found a bloodstained altar of Trog.
  3155 | D:3      | Found a shattered altar of Ashenzari.
  3282 | D:3      | Reached skill level 8 in Conjurations
  3531 | D:3      | Gained mutation: You can fly. [Tengu growth]
  3531 | D:3      | Reached XP level 5. HP: 28/28 MP: 0/9
  3617 | D:3      | Noticed a black bear
  3663 | D:3      | Killed a black bear
  3734 | D:3      | Learned a level 3 spell: Dazzling Spray
  3850 | D:3      | Reached XP level 6. HP: 32/32 MP: 2/10
  4006 | D:3      | Noticed a phantom
  4132 | D:3      | Killed a phantom
  4395 | D:3      | Reached skill level 5 in Short Blades
  4954 | D:4      | Reached XP level 7. HP: 15/36 MP: 8/11
  5968 | D:4      | Reached skill level 5 in Dodging
  6648 | D:5      | Entered Level 5 of the Dungeon
  6695 | D:5      | Noticed Pikel
  7736 | D:5      | Reached XP level 8. HP: 13/41 MP: 0/14
  8040 | D:4      | HP: 1/41 [Pikel/whip of electrocution (11)]
  8041 | D:4      | Mangled by Pikel

Skill      XL: |  1  2  3  4  5  6  7 |
---------------+----------------------+-----
Conjurations   | 6 7 8 |  8.4
Short Blades   | 3 5 |  5.0
Dodging        | 3 5 |  5.1
Spellcasting   | 3 |  3.4
Stealth        | |  2.0

Action                   |  1- 3 |  4- 6 |  7- 9 || total
-------------------------+-------+-------+-------++-------
Melee: Unarmed           |    27 |       |       ||    27
       Kick              |     9 |     4 |    10 ||    23
       Peck              |     1 |     3 |     8 ||    12
       Dagger            |       |    29 |    60 ||    89
 Cast: Magic Dart        |    71 |   106 |    85 ||   262
       Iskenderun's Myst |       |    15 |    24 ||    39
       Dazzling Spray    |       |       |     1 ||     1
  Use: Scroll            |     7 |     5 |     6 ||    18
 Stab: Sleeping          |     2 |       |       ||     2
  Eat: Chunk             |     1 |     6 |     5 ||    12
       Fruit             |     1 |     1 |     1 ||     3
       Bread ration      |     1 |     1 |     1 ||     3
       Meat ration       |       |     1 |     1 ||     2
Armor: Robe              |    11 |     7 |     9 ||    27
Dodge: Dodged            |    31 |    29 |    97 ||   157
